 Dungeon Crawl Stone Soup version 0.29.1-15-g9cfb28693d (webtiles) character file.

Game seed: 5221880314027860015

818 dudediamond6 the Covert (level 7, -4/48 HPs)
             Began as an Octopode Brigand on Mar 16, 2023.
             Slain by a hound (6 damage)
             ... on level 5 of the Dungeon.
             The game lasted 00:08:38 (4752 turns).

dudediamond6 the Covert (Octopode Brigand)          Turns: 4752, Time: 00:08:39

Health: -4/48      AC:  1    Str: 10    XL:     7   Next: 94%
Magic:  16/16      EV: 13    Int: 13    God:
Gold:   287        SH:  0    Dex: 22    Spells: 6/6 levels left

rFire   . . .      SeeInvis .   t - +3 dagger (flame)
rCold   . . .      Faith    .   (no shield)
rNeg    . . .      Spirit   .   (helmet restricted)
rPois   .          Reflect  .   (no amulet)
rElec   .          Harm     .   g - ring of magical power
rCorr   .          Rampage  .   m - ring of flight
Will    .....                   u - +6 ring of dexterity
Stlth   ++++++....              (no ring)
HPRegen 0.16/turn               (no ring)
MPRegen 0.15/turn               (no ring)
                                (no ring)
                                (no ring)

@: flying
A: almost no armour, amphibious, 8 rings, camouflage 1, gelatinous body 1,
(nimble swimmer 1), tentacles
a: no special abilities


You were on level 5 of the Dungeon.
You visited 1 branch of the dungeon, and saw 5 of its levels.

You collected 287 gold pieces.

Inventory:

Hand Weapons
 s - a +3 dagger
 t - a +3 dagger of flaming (weapon)
Missiles
 c - 3 curare-tipped darts
 e - 13 poisoned darts (quivered)
Jewellery
 d - a ring of fire
 g - a ring of magical power (left tentacle)
 m - a ring of flight (right tentacle)
 u - a +6 ring of dexterity (on tentacle)
Wands
 x - a wand of mindburst (6)
Scrolls
 h - a scroll of teleportation
 i - a scroll of acquirement {unknown}
 l - 2 scrolls of butterflies
 n - a scroll of poison
 q - a scroll of enchant weapon
 r - a scroll of vulnerability {unknown}
 y - a scroll of immolation {unknown}
 z - a scroll of blinking {unknown}
 A - a scroll of identify
Potions
 a - a potion of might {unknown}
 b - a potion of magic {unknown}
 f - 3 potions of ambrosia {unknown}
 j - 2 potions of degeneration {unknown}
 k - a potion of resistance {unknown}
 o - 2 potions of lignification {unknown}
 p - a potion of attraction
 v - 2 potions of curing {unknown}
 w - a potion of haste {unknown}


   Skills:
 * Level 4.1 Fighting
 * Level 5.4 Short Blades
 - Level 2.0 Throwing
 - Level 1.0 Dodging
 + Level 9.9 Stealth


You had 6 spell levels left.
You didn't know any spells.
Your spell library contained the following spells:

 Spells                   Type           Power      Damage    Failure   Level
 Beastly Appendage        Tmut           0%         N/A       30%         1
 Wereblood                Tmut           0%         N/A       43%         2
 Spider Form              Tmut/Pois      0%         N/A       67%         3


Dungeon Overview and Level Annotations

Branches:
Dungeon (5/15)
 Temple: D:4-7

Altars:
Cheibriados
Hepliaklqana
Qazlal
Yredelemnul


Innate Abilities, Weirdness & Mutations

You cannot wear most types of armour.
You are amphibious.
You can wear up to eight rings at the same time.
Your skin changes colour to match your surroundings (Stealth+).
Your rubbery body absorbs attacks. (AC +1, EV +1)
((You are camouflaged when in or above water. (Stealth+)))
You have tentacles for arms and can constrict up to eight enemies at once.


Message History

Done exploring.
There is an escape hatch in the floor here.
There is a stone staircase leading down here.
You fly downwards.
There is a stone staircase leading up here.
You see here a scroll of identify.
A - a scroll of identify The ice beast hits you.
The ice beast freezes you!
You barely miss the ice beast. The ice beast hits you.
The ice beast freezes you!
You are too injured to fight recklessly!
You are too injured to fight recklessly!
You hit the ice beast.
You melt the ice beast.
The ice beast is lightly wounded.
The ice beast hits you. The ice beast freezes you!
* * * LOW HITPOINT WARNING * * *
You hit the ice beast.
You melt the ice beast.
You squeeze the ice beast, but do no damage.
The ice beast is moderately wounded.
You closely miss the ice beast. You squeeze the ice beast.
The ice beast is moderately wounded.
The ice beast barely misses you.
You hit the ice beast.
You melt the ice beast.
The ice beast is heavily wounded.
The hound barks!
The ice beast hits you but does no damage.
You hit the ice beast.
You melt the ice beast.
You squeeze the ice beast!
The ice beast is almost dead.
You hit the ice beast but do no damage.
The ice beast is almost dead.
The hound barely misses you. The ice beast misses you.
You barely miss the ice beast. Your squeeze misses the ice beast.
The ice beast is almost dead.
The hound bites you.
* * * LOW HITPOINT WARNING * * *
The ice beast barely misses you.
You hit the ice beast.
You melt the ice beast.
You kill the ice beast!
The hound bites you.
You die...

.#.............###
.......<.#.......<.....#
.##.#.####..##.........#
###...####..##.........#
#.........###.........#
##..#.#.....##.........#
#...........[#.........#
..##.#.......#..h......#
.###.#.......#..@......#
.....##.....##..........
.#####..................
..####......._..####..^.
)...>.........### ...
.......)....#.# ..
............... .
......#######.#. ..)...#
#.###


You could see a hound.

Vanquished Creatures
  Grinder (D:3)
  2 ice beasts (D:5)
  A black bear (D:4)
  An ogre (D:4)
  A scorpion (D:5)
  4 iguanas
  3 gnolls (D:5)
  7 adders
  A shadow imp (D:5)
  A white imp (D:5)
  A dart slug (D:1)
  6 orcs (D:3)
  10 bats
  5 endoplasms
  14 goblins
  3 hobgoblins
  10 jackals
  2 quokkas
  4 ball pythons
  2 frilled lizards (D:2)
  10 kobolds
  8 rats
97 creatures vanquished.

Vanquished Creatures (others)
  4 toadstools (D:1)
4 creatures vanquished.

Grand Total: 101 creatures vanquished

Notes
Turn   | Place    | Note
-------+----------+-------------------------------------------
     0 | D:1      | dudediamond6 the Octopode Brigand began the quest for the
                  | Orb.
     0 | D:1      | Reached XP level 1. HP: 14/14 MP: 1/1
    68 | D:1      | Reached XP level 2. HP: 18/19 MP: 2/2
   199 | D:1      | Found a faded altar of an unknown god.
   376 | D:1      | Reached skill level 6 in Stealth
   697 | D:1      | Reached XP level 3. HP: 22/25 MP: 3/3
  1468 | D:2      | Reached XP level 4. HP: 29/30 MP: 4/4
  1970 | D:3      | Found a stormy altar of Qazlal.
  1971 | D:3      | Noticed a fire elemental
  1972 | D:3      | Noticed an air elemental
  1972 | D:3      | Noticed an earth elemental
  1972 | D:3      | Noticed a water elemental
  2183 | D:3      | Noticed Grinder
  2187 | D:3      | Paralysed by Grinder for 2 turns
  2210 | D:3      | Killed Grinder
  2211 | D:3      | Reached skill level 7 in Stealth
  2211 | D:3      | Reached XP level 5. HP: 2/36 MP: 5/5
  2211 | D:3      | Reached XP level 6. HP: 3/42 MP: 6/6
  3366 | D:4      | Reached skill level 8 in Stealth
  3584 | D:4      | Reached XP level 7. HP: 47/47 MP: 7/7
  3598 | D:4      | Reached skill level 5 in Short Blades
  3681 | D:4      | Found a basalt altar of Yredelemnul.
  3753 | D:4      | Found a snail-covered altar of Cheibriados.
  3884 | D:5      | Entered Level 5 of the Dungeon
  3913 | D:5      | Reached skill level 9 in Stealth
  4479 | D:5      | Found a hazy altar of Hepliaklqana.
  4751 | D:5      | HP: 2/48 [hound (4)]
  4752 | D:5      | Slain by a hound

Illustrated notes

Levels and vault maps discovered:
D:1:      ldierk_walled_garden_2, layout_basic, basic_ecumenical_altar
D:2:      layout_basic
D:3:      layout_loops_ring, nicolae_qazlal_style_of_elements,
          nicolae_eternal_life, uniq_grinder
D:4:      layout_basic, mainiacjoe_overflow_surrounded_room,
          mainiacjoe_overflow_alcove_2, minmay_fountain_box
D:5:      layout_rooms, mainiacjoe_overflow_small_starburst,
          overflow_temple_1_default

Skill      XL: |  1  2  3  4  5  6  7 |
---------------+----------------------+-----
Stealth        | 6 7 8 9 |  9.9
Short Blades   | 4 5 |  5.4
Fighting       | 3 4 |  4.1
Throwing       | |  2.0
Dodging        | |  1.0

Action                   |  1- 3 |  4- 6 |  7- 9 || total
-------------------------+-------+-------+-------++-------
Melee: Dagger            |    77 |    78 |    46 ||   201
       Constrict         |    16 |    14 |     4 ||    34
       Tentacles         |    10 |    15 |    11 ||    36
       Punch             |       |     1 |     1 ||     2
Throw: Dart              |       |    10 |       ||    10
  Use: Potion            |       |     3 |       ||     3
       Scroll            |       |     2 |     4 ||     6
 Stab: Sleeping          |    11 |    15 |     3 ||    29
       Distracted        |       |     1 |     2 ||     3
Armor: Skin              |     7 |     6 |     1 ||    14
Dodge: Dodged            |    30 |    21 |    22 ||    73
